 Dungeon Crawl Stone Soup version 0.17-a0-1655-g88a8506 (webtiles) character file.

563707 esc the Warrior (level 26, -9/122 HPs)
             Began as a Gargoyle Fighter on Aug 15, 2015.
             Was the Champion of Makhleb.
             Killed from afar by a starcursed mass (11 damage)
             ... with an accursed screaming
             ... on level 2 of the Abyss on Aug 16, 2015.
             The game lasted 04:41:08 (61748 turns).

esc the Warrior (Gargoyle Fighter)                 Turns: 61748, Time: 04:41:08

Health: -9/122     AC: 56    Str: 20    XL:     26   Next: 73%
Magic:  24/27      EV: 17    Int: 17    God:    Makhleb [******]
Gold:   5134       SH: 16    Dex: 18    Spells: 4 memorised, 34 levels left

rFire  + . .     SeeInvis +     Q - +9 morningstar (drain)
rCold  + . .     Clarity  +     U - +8 orange crystal plate armour {Archmagi, Int+3 Clar SustAt, OpieOP}
rNeg   + . .     SustAt   +     m - +2 shield
rPois  ∞         Gourm    .     O - +2 hat {SInv}
rElec  +         Spirit   .     E - +1 cloak "Zygopin" {*Drain Int+8}
rCorr  .         Warding  .     P - +2 pair of gloves {archery}
rMut   .         Rnd*Tele +     y - +0 pair of boots
MR     ++...                    J - amulet of Fatigue {rC+ MR+ Regen+ Dex+4}
Stlth  ..........               C - ring of Abewyler {EV+5 Dex+2}
                                S - ring of protection from fire {rF+, !d}

@: flying, non-regenerating, very resistant to hostile enchantments, extremely
unstealthy
A: big wings, berserk 3, blurry vision 3, clumsy 2, deformed body, deterioration
2, dopey 2, frail 3, low mp 3, negative energy resistance 1, screaming 3,
electricity resistance, slow healing 3, teleportitis 3, weak 2, unbreathing,
petrification resistance, no device heal 3, rot immunity, subdued magic 3,
MP-powered wands, AC +19
a: Stop Flying, Minor Destruction, Lesser Servant of Makhleb, Major Destruction,
Greater Servant of Makhleb, Renounce Religion
}: 3/15 runes: serpentine, barnacled, silver


You were on level 2 of the Abyss.
You worshipped Makhleb.
Makhleb was exalted by your worship.
You were not hungry.

You visited 8 branches of the dungeon, and saw 48 of its levels.
You visited the Abyss 1 time.
You also visited: Labyrinth, Ossuary, Bailey, Ice Cave and Wizlab.

You collected 6725 gold pieces.
You spent 1591 gold pieces at shops.

Inventory:

Hand weapons
 L - a +2 demon whip of electrocution
   (You took it off a spriggan defender on level 4 of the Depths)
 Q - a +9 morningstar of draining (weapon)
   (You found it on level 11 of the Dungeon)
Missiles
 H - 9 throwing nets (quivered) {=f, !d}
Armour
 m - a +2 shield (worn)
   (You took it off a naga warrior on level 4 of the Snake Pit)
 y - a +0 pair of boots (worn)
   (You found it on level 8 of the Lair of Beasts)
 E - the +1 cloak "Zygopin" (worn) {*Drain Int+8}
   (You found it on level 5 of the Dungeon)

   It affects your intelligence (+8).
   It causes draining when unequipped.
 O - a +2 hat of see invisible (worn)
   (You took it off Gastronok on level 1 of the Lair of Beasts)
 P - a +2 pair of gloves of archery (worn)
   (You found it in a bailey)
 U - the +8 orange crystal plate armour (worn) {Archmagi, Int+3 Clar SustAt, OpieOP}
   (You found it on level 2 of the Shoals)

   It affects your intelligence (+3).
   It sustains your strength, intelligence and dexterity.
   It protects you against confusion.
Jewellery
 o - an uncursed amulet of resist mutation {rMut, !d}
   (You found it on level 5 of the Lair of Beasts)
 C - the ring of Abewyler (right hand) {EV+5 Dex+2}
   (You took it off a vampire mage on level 11 of the Dungeon)

   [ring of evasion]

   It affects your evasion (+5).
   It affects your dexterity (+2).
 J - the amulet of Fatigue (around neck) {rC+ MR+ Regen+ Dex+4}
   (You bought it in a shop on level 4 of the Orcish Mines)

   [amulet of regeneration]

   It affects your dexterity (+4).
   It protects you from cold.
   It affects your resistance to hostile enchantments.
   It increases your rate of regeneration.
 S - a ring of protection from fire (left hand) {rF+, !d}
   (You took it off a naga on level 4 of the Snake Pit)
Magical devices
 a - a wand of heal wounds (0)
   (You took it off Harold on level 11 of the Dungeon)
 b - a wand of disintegration (16)
   (You found it on level 9 of the Dungeon)
 p - a wand of paralysis (17)
   (You found it on level 6 of the Lair of Beasts)
 t - a wand of fireball (4)
   (You found it on level 3 of the Elven Halls)
 u - a wand of digging (13)
   (You found it on level 3 of the Vaults)
 D - a wand of lightning (6)
   (You took it off a vault sentinel on level 3 of the Vaults)
 I - a wand of draining (5)
   (You found it on level 3 of the Vaults)
 K - a wand of disintegration (18)
   (You found it on level 3 of the Elven Halls)
Scrolls
 c - 7 scrolls of identify
 h - a scroll of holy word {!r}
 i - 8 scrolls of teleportation
 k - 4 scrolls of silence
 r - 11 scrolls of fog
 z - 11 scrolls of magic mapping {!r}
 A - 12 scrolls of blinking {!r}
 N - 2 scrolls of summoning
 V - 7 scrolls of recharging
 W - 4 scrolls of fear
 X - 13 scrolls of remove curse
Potions
 f - 4 potions of haste
 j - 15 potions of curing
 n - 2 potions of invisibility
 q - 3 potions of cancellation
 v - 3 potions of might
 F - 8 potions of heal wounds
 G - 2 potions of berserk rage {!q}
 M - a potion of cure mutation {!q}
 R - 6 potions of agility
 T - 2 potions of resistance
Miscellaneous
 d - a stone of tremors
   (You found it on level 2 of the Vaults)
 g - a fan of gales
   (You found it on level 5 of the Vaults)
 B - a disc of storms
   (You found it on level 4 of the Lair of Beasts)
Comestibles
 e - 8 bread rations {@e1}
 l - 19 meat rations {@e2}


   Skills:
 - Level 20.3 Fighting
 - Level 16.8 Maces & Flails
 - Level 18.4 Armour
 - Level 14.8 Dodging
 - Level 15.7 Shields
 + Level 12.7 Spellcasting
 + Level 19.6 Charms
 - Level 7.3 Necromancy
 - Level 10.0 Invocations


You had 34 spell levels left.
You knew the following spells:

 Your Spells              Type           Power        Failure   Level  Hunger
d - Deflect Missiles      Chrm/Air       ####......   100%        6    ######.
g - Apportation           Tloc           #.........   92%         1    None
h - Haste                 Chrm           #####...     1%          6    ######.
r - Regeneration          Chrm/Necr      ####......   0%          3    None


Dungeon Overview and Level Annotations

Branches:
Dungeon (15/15)            Temple (0/1) D:6            Lair (8/8) D:11
 Shoals (4/4) Lair:3        Snake (4/4) Lair:5        Slime (0/6) Lair:6
    Orc (4/4) D:11            Elf (3/3) Orc:4        Vaults (5/5) D:13
  Crypt (0/3) Vaults:2     Depths (5/5) D:15            Zot (0/5) Depths:5

Altars:
Ashenzari
Dithmenos
Kikubaaqudgha
Makhleb
Nemelex Xobeh
Qazlal
Sif Muna
Trog
Vehumet
Yredelemnul
Beogh
Jiyva

Shops:
D:6 }}=   D:7 [   D:13 [   Orc:4 [=*=   Elf:3 %   Shoals:2 %   Snake:1 *
Vaults:1 }   Depths:1 }

Portals:
Hell: Depths:1 Depths:2 Depths:3 Depths:4 Depths:5
Abyss: Depths:1 Depths:2 Depths:4
Pandemonium: Depths:3 Depths:4
Ziggurat: Depths:5
Trove: D:14 (give +4 demon whip)


Innate Abilities, Weirdness & Mutations

You are resistant to torment.
Your stone body is resilient (AC +19).
You are immune to poison.
Your large and strong wings let you fly indefinitely.
You resist negative energy.
You are resistant to electric shocks.
You can survive without breathing.
You are immune to petrification.
You are immune to rotting.
[You have an uncontrollable temper.]
[Scrolls take you much longer to read.]
[You are very clumsy. (Dex -4)]
[Armour fits poorly on your strangely shaped body.]
[Your body often deteriorates upon taking damage.]
[You are very dopey. (Int -4)]
[You are extremely frail (-30% HP).]
[Your magical capacity is extremely low (-30% MP).]
[You frequently scream uncontrollably at your foes.]
[You do not heal naturally.]
[You are often teleported to nearby monsters.]
[You are very weak. (Str -4)]
[Potions and wands cannot restore your health.]
[Your spells are much easier to cast, but much less powerful.]
[You expend magic power (3 MP) to strengthen your wands.]


Message History

A deafening chorus of shrieks assaults your mind!
You take 8 damage, and have 66/122 hp.
You puncture the wretched star!
The wretched star pulses with an eldritch light!
You stop healing.
You bludgeon the wretched star!! The starcursed mass engulfs you.
You take 5 damage, and have 61/122 hp.
You closely miss the wretched star. The starcursed mass misses you.
The starcursed mass engulfs you but does no damage.
Your orange crystal plate armour prevents you from hitting the wretched star.
The starcursed mass engulfs you but does no damage. x2
You closely miss the wretched star.
A starcursed mass splits.
You block the starcursed mass's attack.
You hit the wretched star. You block the starcursed mass's attack.
The starcursed mass misses you.
The starcursed mass engulfs you but does no damage.
Your orange crystal plate armour prevents you from hitting the wretched star.
You block the starcursed mass's attack.
You puncture the wretched star! The starcursed mass closely misses you.
You block the starcursed mass's attack. x3
A deafening chorus of shrieks assaults your mind!
You suddenly lose the ability to move!
The starcursed mass engulfs you but does no damage. x2
The wretched star pulses with an eldritch light!
A deafening chorus of shrieks assaults your mind!
The starcursed mass engulfs you but does no damage.
You can move again.
You take 20 damage, and have 41/122 hp.
Unknown command.
Unknown command.
Unknown command.
You closely miss the wretched star.
The starcursed mass engulfs you but does no damage. x2
The wretched star pulses with an eldritch light!
You puncture the wretched star! You block the starcursed mass's attack.
You block the starcursed mass's attack.
You sock the wretched star!
The starcursed mass completely misses you.
You block the starcursed mass's attack. x2
A deafening chorus of shrieks assaults your mind!
* * * LOW HITPOINT WARNING * * *
You shrug off the repeated paralysis!
You take 15 damage, and have 26/122 hp.
Your orange crystal plate armour prevents you from hitting the wretched star.
The smoke demon roars!
You hear a roar!
The starcursed mass engulfs you but does no damage.
You block the starcursed mass's attack. x2
You hit the wretched star but do no damage.
You block the starcursed mass's attack.
The starcursed mass engulfs you but does no damage.
You hit the wretched star.
A deafening chorus of shrieks assaults your mind!
* * * LOW HITPOINT WARNING * * *
You suddenly lose the ability to move!
The starcursed mass engulfs you but does no damage. x2
A deafening chorus of shrieks assaults your mind!
* * * LOW HITPOINT WARNING * * *
Your body deteriorates!
You feel weakened for a moment.
The starcursed mass engulfs you but does no damage.
The starcursed mass engulfs you.
* * * LOW HITPOINT WARNING * * *
The starcursed mass engulfs you but does no damage.
You can move again.
You take 24 damage, and have 2/122 hp.
That seemed strangely inert.
This wand has 0 charges left.
You block the starcursed mass's attack.
The starcursed mass engulfs you but does no damage.
The wretched star pulses with an eldritch light!
The smoke demon twists and deforms.
The starcursed mass engulfs you but does no damage. x2
You now have 24/27 mp.
Drink which item? (? for menu, Esc to quit)
Okay, then.
Unknown command.
Unknown command.
Unknown command.
Unknown command.
Read which item? (? for menu, Esc to quit)
Really read
A - 12 scrolls of blinking {!r}?
Really read with blurry vision while enemies are nearby?
Okay, then.
Unknown command.
Unknown command.
Unknown command.
Unknown command.
Unknown command.
Unknown command.
You barely miss the wretched star. You block the starcursed mass's attack.
The starcursed mass engulfs you but does no damage.
You block the starcursed mass's attack.
Unknown command.
You hit the wretched star. You block the starcursed mass's attack.
You block the starcursed mass's attack.
The starcursed mass engulfs you but does no damage.
A smoke demon comes into view.
You bludgeon the wretched star!!
You destroy the wretched star!
A deafening chorus of shrieks assaults your mind!
You die...

.. .# . # .. #
### .##.##.#.
###.. ..#...#
....##..#..#
.#..3#...# . #
.#.XXXX.####.
...#.#.#X@..§.§.#
#......X###.#*...
....#... ....# #
# #.#.X # # 3. .
##. . ## ...#
#... . #. ### .#
## . . # . .# ##
§ # .


You could see 6 starcursed masses, a wretched star and 2 smoke demons.

Vanquished Creatures
  2 ancient liches
  Vashnia (Snake:3)
  3 golden dragons
  Jory (Vaults:3)
  A bone dragon (Abyss:1)
  A hellephant (Abyss:1)
  3 liches
  4 tentacled monstrosities
  2 deep elf blademasters (Elf:3)
  A Shadow Fiend (Depths:3)
  3 titans
  A quicksilver dragon (Vaults:5)
  The ghost of 4thArraOfDagon the Grappler, a mighty TrAs of Cheibriados (Shoals:4)
  A deep elf master archer (Elf:3)
  A kraken (Shoals:1)
  An octopode crusher (Shoals:3)
  Polyphemus (Shoals:2)
  A sphinx (Vaults:4)
  An eldritch tentacle (WizLab)
  9 tentacled starspawn
  3 shadow dragons (Vaults:5)
  A storm dragon (Vaults:5)
  2 tengu reavers
  Roxanne (Elf:1)
  9 greater nagas
  A draconian monk (Depths:5)
  Ilsuiw (Shoals:4)
  The ghost of WhatIsLove the Devastator, a mighty DrCj of Ashenzari (Elf:1)
  11 fire giants
  The ghost of karlkraus the Peltast, a powerful MiFi of Qazlal (Shoals:2)
  Maud (Orc:4)
  13 frost giants
  14 vault wardens
  Aizul (Snake:4)
  Louise (D:15)
  2 iron dragons (Vaults:5)
  A curse skull (Vaults:2)
  7 deep elf sorcerers
  2 balrugs
  6 reapers (Depths:3)
  A cacodemon (Abyss:1)
  7 stone giants
  18 ironheart preservers
  A caustic shrike skeleton (Depths:3)
  3 spriggan defenders
  13 very ugly things
  A draconian caller (Depths:5)
  The ghost of asdu the Severer, a powerful VSBe of Trog (Shoals:2)
  3 vampire knights
  A black draconian (Depths:5)
  2 salamander stormcallers
  Azrael (Elf:1)
  12 deep elf demonologists
  4 yellow draconians (Depths:5)
  A mottled draconian (Depths:5)
  A white draconian (Abyss:2)
  11 deep elf annihilators
  10 ettins
  A minotaur (shapeshifter) (Vaults:5)
  8 merfolk javelineers
  9 deep elf death magi
  19 yaktaur captains
  29 vault guards
  13 fire dragons
  A quicksilver dragon zombie (Depths:3)
  6 entropy weavers
  13 merfolk impalers
  7 deep elf high priests
  A minotaur (Lab)
  8 great orbs of eyes
  16 ogre magi
  A quicksilver dragon skeleton (Depths:2)
  11 ice dragons
  Harold (D:11)
  3 hydras
  4 rakshasas
  A caustic shrike simulacrum (Depths:3)
  5 spriggan air magi
  17 naga warriors
  3 merfolk avatars
  A hydra (shapeshifter) (Vaults:5)
  13 anacondas
  Erica (D:9)
  3 catoblepae
  2 vampire magi (D:11)
  5 merfolk aquamancers
  A death knight (Abyss:1)
  5 satyrs
  15 dancing weapons (Elf:2)
  10 centaur warriors
  5 tengu warriors
  5 deep troll shamans
  3 deep troll earth magi
  17 shock serpents
  17 death yaks
  15 naga sharpshooters
  2 titan zombies (Depths:3)
  A soul eater (Depths:3)
  2 orc high priests (Orc:4)
  3 spriggan berserkers
  4 thrashing horrors (Abyss:1)
  24 deep elf knights
  5 sun demons
  A titan skeleton (Depths:3)
  7 wretched stars
  An iron troll (Depths:4)
  A wizard (D:14)
  A hell knight (Abyss:1)
  12 sea snakes
  2 spatial maelstroms (Abyss:1)
  2 unseen horrors
  A golden dragon zombie (Depths:3)
  8 salamander mystics
  2 shadow wraiths
  12 orc knights
  8 deep elf summoners
  2 phantasmal warriors
  17 ironbrand convokers
  20 deep trolls
  7 giant orange brains
  6 naga ritualists
  3 ice statues (IceCv)
  An anubis guard (shapeshifter) (D:14)
  2 golden dragon skeletons (Depths:3)
  An obsidian statue (WizLab)
  8 hill giants
  A tengu zombie (Vaults:4)
  2 flayed ghosts
  2 hornets
  6 lindwurms
  A shadow dragon zombie (Vaults:4)
  7 harpies
  21 deep elf conjurers
  7 necromancers
  13 mana vipers
  A mana viper (shapeshifter) (Abyss:1)
  7 oklob plants (Lair:6)
  A frost giant zombie (Depths:3)
  2 tengu skeletons (Depths:3)
  26 fauns
  A fire giant zombie (Depths:3)
  9 manticores
  7 orc sorcerers
  A water nymph (shapeshifter) (Vaults:4)
  3 water nymphs
  19 salamanders
  A shadow dragon skeleton (Depths:3)
  59 ugly things
  18 griffons
  A manticore (shapeshifter) (Depths:2)
  5 wolf spiders
  An elephant (shapeshifter) (Depths:5)
  19 elephants
  7 worldbinders
  An iron dragon skeleton (Depths:3)
  6 cyclopes
  3 frost giant skeletons
  14 sirens
  A sphinx skeleton (Depths:3)
  5 fire giant skeletons
  12 vault sentinels
  A guardian serpent (shapeshifter) (Depths:2)
  Joseph (D:7)
  4 gargoyles
  4 sixfirhies
  7 torpor snails
  A stone giant skeleton (Depths:2)
  The ghost of kae the Carver, an experienced MiFi of Qazlal (D:5)
  3 smoke demons
  33 black mambas
  9 guardian serpents
  28 naga magi
  23 spiny frogs
  A centaur skeleton (D:15)
  2 orange demons (Abyss:1)
  2 efreet
  A kobold demonologist (Abyss:1)
  6 komodo dragons
  3 fire drakes (Lair:8)
  A yaktaur (shapeshifter) (Depths:2)
  A golden dragon simulacrum (Depths:3)
  3 tengu conjurers (Depths:2)
  A komodo dragon (shapeshifter) (D:13)
  A troll (shapeshifter) (Vaults:1)
  A blue devil (Depths:3)
  5 freezing wraiths
  10 trolls
  2 hellwings (Abyss:1)
  5 harpy zombies
  16 deep elf priests
  2 red devils
  A polar bear (shapeshifter) (Vaults:2)
  59 yaktaurs
  3 jumping spiders
  19 slime creatures
  2 ancient zymes
  2 polar bears
  A blink frog (shapeshifter) (Depths:3)
  40 merfolk
  Grinder (D:3)
  2 tengu simulacra (Depths:3)
  Prince Ribbit (D:7)
  5 wind drakes
  A fire giant simulacrum (Depths:3)
  13 small abominations
  11 snapping turtles
  31 blink frogs
  3 giant leeches (Lair:8)
  A slime creature (shapeshifter) (Depths:5)
  A tarantella (shapeshifter) (Vaults:1)
  5 boulder beetles
  20 two-headed ogres
  A griffon zombie (Shoals:2)
  A frost giant simulacrum (Depths:3)
  2 flying skulls
  3 shadows
  19 raiju
  A trapdoor spider (shapeshifter) (Depths:3)
  22 deep elf magi
  4 wraiths
  7 air elementals
  11 water elementals
  Sigmund (D:3)
  19 large abominations
  15 redbacks
  An ettin skeleton (Depths:2)
  A tarantella (Depths:1)
  6 ynoxinuls
  A deep troll skeleton (WizLab)
  8 basilisks
  A hog (shapeshifter) (Elf:1)
  2 humans (shapeshifter)
  52 yaks
  7 spriggans
  An ice dragon skeleton (WizLab)
  A spriggan (shapeshifter) (Depths:2)
  2 chaos spawn (Abyss:1)
  3 vampires
  A fire elemental (Elf:1)
  3 neqoxecs (Abyss:1)
  2 hungry ghosts
  19 vampire mosquitoes
  4 mottled dragons
  2 fire bats (Depths:1)
  A golden eye (shapeshifter) (Vaults:4)
  A basilisk (shapeshifter) (Vaults:4)
  8 wargs
  11 hippogriffs
  A hippogriff (shapeshifter) (Elf:2)
  A human simulacrum (Vaults:1)
  A spriggan simulacrum (Depths:2)
  2 steam dragons (Lair:8)
  A wyvern (D:8)
  5 spatial vortices
  Edmund (D:5)
  30 deep elf fighters
  A soldier ant (D:13)
  12 wolves
  A soldier ant (shapeshifter) (Vaults:4)
  40 nagas
  15 water moccasins
  35 orc warriors
  12 porcupines
  A black bear (shapeshifter) (Vaults:3)
  3 hell hounds (Elf:1)
  8 wasps
  8 ice beasts
  5 sky beasts
  2 necrophages
  5 phantoms
  An eye of draining (Abyss:1)
  A black bear (Lair:3)
  A swamp drake (Lair:8)
  13 boggarts
  An ettin simulacrum (Depths:3)
  A tengu (shapeshifter) (D:14)
  35 centaurs
  2 human skeletons
  A big kobold (D:9)
  18 crocodiles
  75 ogres
  6 brain worms
  20 giant frogs
  3 elf zombies (Ossuary)
  A gnoll sergeant (D:8)
  A wyvern zombie (D:7)
  2 wyvern skeletons
  2 hippogriff zombies (Shoals:2)
  5 scorpions
  3 killer bees (D:9)
  An electric eel (Lair:8)
  8 wights
  6 crimson imps
  A giant frog zombie (D:10)
  9 centaur zombies
  3 hounds
  21 orc priests
  8 starcursed masses
  3 quasits
  2 iron imps (Abyss:1)
  5 human zombies
  A yaktaur simulacrum (Vaults:1)
  9 iguanas
  2 jellies
  41 orc wizards
  11 worker ants
  6 hell rats (Lair:2)
  49 sheep
  4 mummies
  57 river rats
  11 adders
  15 gnolls
  4 shadow imps
  14 white imps
  5 ufetubi
  An adder zombie (D:5)
  2 oozes (D:4)
  21 worms
  2 giant geckos
  214 orcs
  A ball python (D:4)
  A bat zombie (D:2)
  7 giant cockroaches
  7 hobgoblins
  9 jackals
  9 kobolds
  8 quokkas
  10 bats
  A giant gecko zombie (D:6)
  9 giant newts
  8 goblins
  A kobold zombie (D:6)
  An orc zombie (D:6)
  12 rats
  2 crawling corpses (Elf:3)
  2 fire vortices
  A fungus (Lair:3)
  A lurking horror (Abyss:2)
  A plant (Lair:6)
  8 starspawn tentacles
  3 tentacles (Shoals:1)
2624 creatures vanquished.

Vanquished Creatures (collateral kills)
  Mara (Depths:2)
  the Enchantress (Depths:4)
  Jorgrun (Vaults:1)
  A deep elf blademaster (Elf:3)
  Gastronok (Lair:1)
  A shadow dragon (Vaults:5)
  A deep elf sorcerer (D:11)
  2 ironheart preservers (Vaults:1)
  A stone giant (Depths:4)
  2 spriggan defenders
  A deep elf death mage (Elf:3)
  Josephine (D:11)
  A spriggan air mage (Depths:4)
  2 death yaks (Shoals:2)
  A merfolk aquamancer (Shoals:4)
  A deep troll earth mage (Vaults:1)
  An orc high priest (Orc:4)
  A vampire mage (D:11)
  Sonja (D:11)
  A shadow wraith (Vaults:1)
  3 deep trolls (Vaults:1)
  2 orc knights (Orc:4)
  4 ugly things (Vaults:1)
  5 orc sorcerers
  2 naga magi (D:11)
  A gargoyle (D:11)
  A vault sentinel (Vaults:1)
  A freezing wraith (Vaults:1)
  A merfolk (Shoals:2)
  A tengu conjurer (Depths:4)
  4 slime creatures (Vaults:1)
  2 wraiths (D:11)
  2 yaks (D:11)
  5 deep elf magi
  2 spriggans (Depths:4)
  A basilisk (D:11)
  2 deep elf fighters (Elf:3)
  5 orc warriors
  A wolf (Lair:1)
  A porcupine (D:11)
  2 wasps (Depths:4)
  2 centaurs (D:11)
  An ogre (Orc:4)
  2 orc priests (Orc:4)
  An iguana (D:11)
  2 orc wizards
  3 river rats (Lair:1)
  A shadow imp (D:11)
  9 orcs
92 creatures vanquished.

Vanquished Creatures (others)
  A lich (Vaults:5)
  2 titans (Vaults:5)
  A deep elf master archer (Elf:3)
  A sphinx (Vaults:5)
  A shadow dragon (Vaults:5)
  A tengu reaver (Vaults:5)
  4 vault wardens (Vaults:5)
  A stone giant (Vaults:5)
  A deep elf demonologist (Vaults:5)
  2 deep elf death magi (Depths:3)
  2 ettins (Vaults:5)
  3 small abominations
  A yaktaur captain (Vaults:5)
  4 ogre magi
  A deep elf knight (Vaults:3)
  A salamander mystic (Snake:4)
  2 unseen horrors
  A necromancer (Depths:3)
  An orc knight (Vaults:5)
  A phantasmal warrior (Vaults:5)
  A shadow dragon skeleton (Abyss:1)
  A guardian serpent (Snake:4)
  2 deep elf priests
  5 yaktaurs (Vaults:5)
  A fire drake (shapeshifter) (Vaults:5)
  A merfolk (Shoals:4)
  A two-headed ogre (Vaults:5)
  2 air elementals (Depths:5)
  A deep elf mage (Vaults:5)
  A basilisk (Lair:8)
  A warg (Vaults:5)
  An orc warrior (Vaults:5)
  An ogre (Vaults:5)
  An orc (Vaults:4)
  2245 eldritch tentacle segments (WizLab)
  14 fungi
  A lurking horror (Abyss:1)
  32 plants
  16 starspawn tentacles
  144 starspawn tentacle segments
  8 tentacles (Shoals:1)
  412 tentacle segments (Shoals:1)
2924 creatures vanquished.

Grand Total: 5640 creatures vanquished

Notes
Turn   | Place    | Note
--------------------------------------------------------------
     0 | D:1      | esc the Gargoyle Fighter began the quest for the Orb.
     0 | D:1      | Reached XP level 1. HP: 14/14 MP: 1/1
   346 | D:1      | Reached XP level 2. HP: 19/19 MP: 2/2
   642 | D:1      | Reached XP level 3. HP: 10/24 MP: 3/3
  1508 | D:2      | Reached skill level 1 in Dodging
  1513 | D:2      | Found an ancient bone altar of Kikubaaqudgha.
  1597 | D:2      | Reached skill level 4 in Fighting
  1692 | D:2      | Reached XP level 4. HP: 25/29 MP: 4/4
  1801 | D:3      | Noticed Sigmund
  1811 | D:3      | HP: 7/29 [Sigmund/scythe (6)]
  1815 | D:3      | Killed Sigmund
  1815 | D:3      | Reached skill level 3 in Maces & Flails
  1815 | D:3      | Reached skill level 4 in Armour
  1815 | D:3      | Reached skill level 4 in Shields
  1815 | D:3      | Reached XP level 5. HP: 10/34 MP: 5/5
  1815 | D:3      | Reached XP level 6. HP: 11/39 MP: 6/6
  2157 | D:3      | Noticed Grinder
  2163 | D:3      | Paralysed by Grinder for 5 turns
  2273 | D:3      | Paralysed by Grinder for 2 turns
  2284 | D:3      | Killed Grinder
  2284 | D:3      | Reached skill level 5 in Fighting
  2284 | D:3      | Reached skill level 2 in Dodging
  2284 | D:3      | Reached XP level 7. HP: 29/44 MP: 7/7
  2777 | D:4      | Reached skill level 5 in Shields
  2805 | D:4      | Reached skill level 4 in Maces & Flails
  2805 | D:4      | Reached skill level 5 in Armour
  2815 | D:4      | Found a burning altar of Makhleb.
  2835 | D:4      | Became a worshipper of Makhleb the Destroyer
  3133 | D:4      | Reached XP level 8. HP: 50/50 MP: 8/8
  3393 | D:4      | Found a radiant altar of Vehumet.
  3470 | D:4      | Acquired Makhleb's first power
  3470 | D:4      | Reached skill level 3 in Dodging
  3621 | D:5      | Entered Level 5 of the Dungeon
  3947 | D:5      | Found a stormy altar of Qazlal.
  3976 | D:5      | Got a scorched cloak
  3987 | D:5      | Identified the +1 cloak "Zygopin" {*Drain Int+8} (You found it on level 5 of the Dungeon)
  3995 | D:5      | Noticed Edmund
  4018 | D:5      | Killed Edmund
  4018 | D:5      | Reached skill level 6 in Fighting
  4198 | D:5      | Noticed kae's ghost (experienced MiFi)
  4218 | D:5      | Killed kae's ghost
  4218 | D:5      | Reached skill level 5 in Maces & Flails
  4218 | D:5      | Reached skill level 6 in Armour
  4218 | D:5      | Reached skill level 6 in Shields
  4407 | D:5      | Found a shadowy altar of Dithmenos.
  4463 | D:5      | Reached XP level 9. HP: 50/56 MP: 9/9
  4742 | D:6      | Found a sand-covered staircase.
  4748 | Ossuary  | Entered an ossuary
  4820 | Ossuary  | Acquired Makhleb's second power
  4890 | Ossuary  | Reached skill level 7 in Fighting
  5066 | D:6      | Reached skill level 6 in Maces & Flails
  5066 | D:6      | Reached skill level 7 in Shields
  5088 | D:6      | Found Xyroj's Jewellery Boutique.
  5096 | D:6      | Bought an uncursed ring of see invisible for 210 gold pieces
  5114 | D:6      | Reached skill level 7 in Armour
  5127 | D:6      | Found a staircase to the Ecumenical Temple.
  5130 | D:6      | Found Xuri's Gadget Shop.
  5360 | D:6      | Found Xaihiass's Gadget Boutique.
  5978 | D:7      | Got a jewelled helmet
  6024 | D:7      | Identified the +0 helmet of the Fiend {rN+ MP-9 Dex+5 Stlth+} (You found it on level 7 of the Dungeon)
  6057 | D:7      | Noticed Joseph
  6074 | D:7      | Killed Joseph
  6074 | D:7      | Acquired Makhleb's third power
  6074 | D:7      | Reached skill level 8 in Fighting
  6074 | D:7      | Reached XP level 10. HP: 45/64 MP: 1/10
  6117 | D:7      | Found Tytamn's Armour Shoppe.
  6222 | D:7      | Noticed Prince Ribbit
  6242 | D:7      | Killed Prince Ribbit
  6381 | D:7      | Reached skill level 7 in Maces & Flails
  6381 | D:7      | Reached skill level 8 in Armour
  6550 | D:8      | Reached skill level 8 in Shields
  6553 | D:8      | Found a basalt altar of Yredelemnul.
  7298 | D:9      | Noticed Erica
  7325 | D:9      | Killed Erica
  7325 | D:9      | Reached skill level 9 in Fighting
  7633 | D:8      | Reached skill level 9 in Shields
  7646 | D:9      | Acquired Makhleb's fourth power
  7653 | D:9      | Reached skill level 9 in Armour
  7767 | D:9      | Reached skill level 4 in Dodging
  7767 | D:9      | Reached skill level 1 in Invocations
  7814 | D:9      | Found a bloodstained altar of Trog.
  7821 | D:9      | Found a sparkling altar of Nemelex Xobeh.
  8035 | D:9      | Reached skill level 2 in Invocations
  8181 | D:10     | Entered Level 10 of the Dungeon
  8210 | D:10     | Got a translucent falchion
  8212 | D:10     | Noticed a hill giant
  8240 | D:9      | Reached XP level 11. HP: 44/71 MP: 2/13
  8285 | D:10     | Reached skill level 3 in Invocations
  8323 | D:10     | Identified the cursed +1 falchion of the Thirteen Seas {drain, rN+ Int+3} (You found it on level 10 of the Dungeon)
  8451 | D:10     | Killed a hill giant
  8464 | D:10     | Found a shadowy altar of Dithmenos.
  8520 | D:10     | Noticed an unseen horror
  8554 | D:10     | Killed an unseen horror
  8554 | D:10     | Reached skill level 5 in Dodging
  8554 | D:10     | Reached skill level 4 in Invocations
  8576 | D:10     | Found a flagged portal.
  8586 | Bailey   | Entered a bailey
  8765 | Bailey   | Noticed an orc knight
  8765 | Bailey   | Noticed an orc knight
  8765 | Bailey   | Noticed an orc knight
  8978 | Bailey   | HP: 16/71 [orc warrior/trident (10)]
  9534 | D:10     | Reached skill level 5 in Invocations
  9931 | D:11     | Acquired Makhleb's fifth power
  9969 | D:11     | Reached skill level 6 in Dodging
  9994 | D:11     | Reached skill level 6 in Invocations
 10039 | D:11     | Found a staircase to the Lair.
 10279 | D:11     | Found a staircase to the Orcish Mines.
 10397 | D:11     | Reached skill level 7 in Invocations
 10417 | D:11     | Noticed Josephine
 10425 | D:11     | Killed Josephine
 10620 | D:11     | Reached skill level 7 in Dodging
 10715 | D:11     | Noticed Harold
 10729 | D:11     | Killed Harold
 10729 | D:11     | Reached XP level 12. HP: 76/76 MP: 8/17
 10739 | D:11     | Reached skill level 8 in Invocations
 11349 | D:11     | Noticed a vampire mage
 11373 | D:11     | Noticed a jiangshi
 11381 | D:11     | Killed a vampire mage
 11381 | D:11     | Reached skill level 8 in Maces & Flails
 11519 | D:11     | Noticed Sonja
 11537 | D:11     | Killed Sonja
 11590 | D:11     | Found a deep blue altar of Sif Muna.
 11592 | D:11     | Noticed a deep elf sorcerer
 11598 | D:11     | Killed a deep elf sorcerer
 11605 | D:11     | Noticed a vampire mage
 11611 | D:11     | Killed a vampire mage
 11701 | D:11     | Noticed a deep elf sorcerer
 11718 | D:11     | Killed a deep elf sorcerer
 11718 | D:11     | Reached skill level 10 in Fighting
 11776 | D:11     | Identified the Volume of Quantum Conjuration
 12109 | D:11     | Noticed a vampire mage
 12124 | D:11     | Killed a vampire mage
 12127 | D:11     | Got a twitching brass ring
 12129 | D:11     | Identified the ring of Abewyler {EV+5 Dex+2} (You took it off a vampire mage on level 11 of the Dungeon)
 12175 | D:11     | Learned a level 3 spell: Regeneration
 12216 | D:11     | Reached skill level 10 in Armour
 12217 | D:11     | Reached skill level 9 in Maces & Flails
 12217 | D:11     | Reached skill level 10 in Shields
 12234 | D:11     | Identified Vehumet's Collected Works on Combat Magic
 12236 | D:11     | Identified the Catalogue of Ashen Boosts
 12252 | D:11     | Identified the Volume of Shifting Evil Secrets
 12372 | Orc:1    | Entered Level 1 of the Orcish Mines
 12487 | Orc:1    | Found a roughly hewn altar of Beogh.
 13734 | Orc:3    | Reached XP level 13. HP: 83/83 MP: 10/19
 14371 | Orc:4    | Entered Level 4 of the Orcish Mines
 14408 | Orc:4    | Noticed Maud
 14431 | Orc:4    | Killed Maud
 14678 | Orc:4    | Found a staircase to the Elven Halls.
 15150 | Orc:4    | Found Demam's Jewellery Shop.
 15183 | Orc:4    | Reached skill level 11 in Fighting
 15196 | Orc:4    | HP: 21/84 [orc high priest/divine providence (11)]
 15713 | Orc:4    | Found Vaghath's Armour Shop.
 15753 | Orc:4    | Found Joemuj's Jewellery Shoppe.
 15759 | Orc:4    | Found Witeal's Assorted Antiques.
 15933 | Orc:4    | Reached skill level 10 in Maces & Flails
 16051 | Orc:4    | Bought the amulet of Fatigue {rC+ MR+ Regen+ Dex+4} for 928 gold pieces
 16061 | Orc:4    | Bought a blue potion for 25 gold pieces
 16061 | Orc:4    | Bought a shimmering cloak for 266 gold pieces
 16061 | Orc:4    | Bought a scroll of teleportation for 84 gold pieces
 16061 | Orc:4    | Bought a scroll of identify for 56 gold pieces
 16061 | Orc:4    | Identified the +1 cloak of Qiborph {rPois} (You bought it in a shop on level 4 of the Orcish Mines)
 16222 | Lair:1   | Entered Level 1 of the Lair of Beasts
 16278 | Lair:1   | Noticed Gastronok
 16292 | Lair:1   | Reached skill level 11 in Shields
 16329 | Lair:1   | Killed Gastronok
 16447 | Lair:1   | Reached skill level 9 in Invocations
 16636 | Lair:1   | Reached skill level 8 in Dodging
 17558 | Lair:2   | Gained mutation: Your large and strong wings let you fly indefinitely. [Gargoyle growth]
 17558 | Lair:2   | Reached XP level 14. HP: 83/90 MP: 21/21
 17892 | Lair:3   | Found a shattered altar of Ashenzari.
 18284 | Lair:3   | Found a staircase to the Shoals.
 18378 | Lair:3   | Reached skill level 10 in Invocations
 18384 | Lair:3   | Reached skill level 11 in Maces & Flails
 18453 | Lair:3   | Got a brightly glowing glaive
 18638 | Lair:3   | Identified Qiuracri's Incunabulum of Battle Magic
 18666 | Lair:4   | Reached skill level 12 in Shields
 19461 | Lair:5   | Noticed a balrug
 19661 | Lair:5   | Found a staircase to the Snake Pit.
 20166 | Lair:5   | Reached skill level 12 in Maces & Flails
 20166 | Lair:5   | Reached skill level 13 in Shields
 20333 | Lair:6   | Got an iridescent mace
 20334 | Lair:6   | Identified the cursed +1 mace "Qotiul" {venom, rF++ Int-3 Dex+4 Stlth+} (You found it on level 6 of the Lair of Beasts)
 20824 | Lair:6   | Found a staircase to the Slime Pits.
 20825 | Lair:6   | Found a viscous altar of Jiyva.
 20993 | Lair:6   | Reached XP level 15. HP: 78/94 MP: 22/22
 21580 | Lair:6   | Reached skill level 13 in Maces & Flails
 21633 | Lair:6   | Got a faintly glowing hand axe
 21982 | Lair:7   | Reached skill level 14 in Shields
 22572 | Lair:8   | Entered Level 8 of the Lair of Beasts
 23339 | Lair:8   | Reached skill level 14 in Maces & Flails
 23390 | Lair:8   | Reached skill level 15 in Shields
 23670 | Lair:8   | Found a runed door.
 24029 | Lair:8   | Reached XP level 16. HP: 98/100 MP: 23/23
 24201 | Snake:1  | Entered Level 1 of the Snake Pit
 24286 | Snake:1  | nice welcoming party
 24357 | Snake:1  | Found a shattered altar of Ashenzari.
 24495 | Snake:1  | Reached skill level 15 in Maces & Flails
 24618 | Snake:1  | Found Qanem's General Store.
 24637 | Snake:1  | Bought a scroll of identify for 22 gold pieces
 24712 | Snake:1  | Reached skill level 12 in Fighting
 26013 | Snake:3  | Found an ancient bone altar of Kikubaaqudgha.
 26046 | Snake:3  | Reached skill level 13 in Fighting
 26084 | Snake:3  | Reached skill level 16 in Maces & Flails
 26369 | Snake:3  | Noticed Vashnia
 26492 | Snake:3  | Killed Vashnia
 26492 | Snake:3  | Reached XP level 17. HP: 108/110 MP: 24/24
 26753 | Snake:4  | Entered Level 4 of the Snake Pit
 26906 | Snake:4  | Reached skill level 14 in Fighting
 27173 | Snake:4  | Reached skill level 11 in Armour
 27237 | Snake:4  | Noticed Aizul
 27253 | Snake:4  | Killed Aizul
 27275 | Snake:4  | Reached skill level 9 in Dodging
 28004 | Snake:4  | Reached skill level 15 in Fighting
 28048 | Snake:4  | Reached skill level 12 in Armour
 28169 | Snake:4  | Reached XP level 18. HP: 119/119 MP: 25/25
 28265 | Snake:4  | Reached skill level 10 in Dodging
 28703 | Snake:4  | Got a serpentine rune of Zot
 29076 | D:12     | Reached skill level 13 in Armour
 29740 | D:13     | Reached skill level 16 in Fighting
 29809 | D:13     | Found a frozen archway.
 29821 | IceCv    | Entered an ice cave
 30143 | D:13     | Found a gate to the Vaults.
 30408 | D:13     | Found Vostus's Antique Armour Shop.
 31176 | D:14     | Found a portal to a secret trove of treasure.
 31236 | D:15     | Entered Level 15 of the Dungeon
 31311 | D:15     | Reached skill level 11 in Dodging
 31381 | D:15     | Noticed Louise
 31394 | D:15     | Killed Louise
 31398 | D:15     | Found a labyrinth entrance.
 31408 | Lab      | Entered a labyrinth
 31697 | Lab      | Identified a -3 rod of clouds (2/14) {!a} (You took it off a minotaur in a labyrinth)
 31705 | Lab      | Identified a +2 lightning rod (9/9) (You found it in a labyrinth)
 31706 | Lab      | Identified a +1 lightning rod (10/10) (You found it in a labyrinth)
 32047 | D:15     | Found a staircase to the Depths.
 32811 | Vaults:1 | Entered Level 1 of the Vaults
 32878 | Vaults:1 | Noticed a Brimstone Fiend
 33007 | Vaults:1 | Got an ivory hunting sling
 33023 | Vaults:1 | Reached XP level 19. HP: 127/127 MP: 26/26
 33124 | Vaults:1 | Found Xoehuwugh's Gadget Boutique.
 33137 | Vaults:1 | Gained mutation: Your flesh is cold resistant. [potion of beneficial mutation]
 33184 | Vaults:1 | Reached skill level 14 in Armour
 33471 | Vaults:1 | Noticed Jorgrun
 33474 | Vaults:1 | Reached skill level 17 in Fighting
 33479 | Vaults:1 | Killed Jorgrun
 34018 | Vaults:1 | Reached skill level 12 in Dodging
 34415 | Vaults:2 | Reached skill level 15 in Armour
 34933 | Vaults:2 | Reached XP level 20. HP: 136/136 MP: 27/27
 35045 | Vaults:2 | Reached skill level 18 in Fighting
 35134 | Vaults:2 | Found a staircase to the Crypt.
 36095 | Vaults:3 | Reached skill level 16 in Armour
 36314 | Vaults:3 | Got a fine scale mail
 36319 | Vaults:3 | Identified the +3 scale mail "Daplud" {Dex+4 SInv} (You found it on level 3 of the Vaults)
 36326 | Vaults:3 | Noticed Jory
 36350 | Vaults:3 | Killed Jory
 36350 | Vaults:3 | Reached skill level 13 in Dodging
 36768 | Vaults:3 | Paralysed by an ogre mage for 7 turns
 36822 | Vaults:3 | acq
 36825 | Vaults:3 | fuck off
 37096 | Vaults:4 | Got a jewelled chain mail
 37097 | Vaults:4 | Identified the +5 chain mail of Mufeck {rElec Str-3 Int+3} (You found it on level 4 of the Vaults)
 37735 | Vaults:4 | Reached skill level 19 in Fighting
 37773 | Vaults:4 | Reached XP level 21. HP: 144/144 MP: 28/28
 38967 | Shoals:1 | Entered Level 1 of the Shoals
 39090 | Shoals:1 | Reached skill level 17 in Armour
 39809 | Shoals:2 | Noticed karlkraus's ghost (powerful MiFi)
 39812 | Shoals:2 | Noticed asdu's ghost (powerful VSBe)
 39833 | Shoals:2 | Killed karlkraus's ghost
 39852 | Shoals:2 | Killed asdu's ghost
 40060 | Shoals:2 | Noticed Polyphemus
 40077 | Shoals:2 | Killed Polyphemus
 40077 | Shoals:2 | Reached skill level 14 in Dodging
 40231 | Shoals:2 | is dat sum ocpa
 40259 | Shoals:2 | Found Pyce's Food Emporium.
 41779 | Shoals:4 | Entered Level 4 of the Shoals
 41779 | Shoals:4 | Noticed Ilsuiw
 41825 | Shoals:4 | Noticed 4thArraOfDagon's ghost (mighty TrAs)
 41846 | Shoals:4 | Reached skill level 20 in Fighting
 41975 | Shoals:4 | Killed Ilsuiw
 42021 | Shoals:4 | Reached skill level 18 in Armour
 42079 | Shoals:4 | Reached XP level 22. HP: 152/152 MP: 29/29
 42207 | Shoals:4 | this guy
 42241 | Shoals:4 | Killed 4thArraOfDagon's ghost
 42438 | Shoals:4 | Got a barnacled rune of Zot
 42861 | Shoals:4 | Got a dazzling dagger
 42862 | Shoals:4 | Identified the +7 dagger of War {pierce, rC+ Int+2} (You found it on level 4 of the Shoals)
 44879 | D:11     | Learned a level 6 spell: Haste
 44881 | D:11     | Learned a level 1 spell: Apportation
 45146 | Depths:1 | Entered Level 1 of the Depths
 45161 | Depths:1 | Got an encrusted scimitar
 45169 | Depths:1 | Reached skill level 1 in Charms
 45170 | Depths:1 | Identified the +5 scimitar of Somewhere Else {venom, *Rage rPois rF++ Int+4} (You found it on level 1 of the Depths)
 45181 | Depths:1 | Reached skill level 1 in Spellcasting
 45242 | Depths:1 | Reached skill level 2 in Charms
 45265 | Depths:1 | Found a one-way gate to the infinite horrors of the Abyss.
 45384 | Depths:1 | Reached skill level 2 in Spellcasting
 45433 | Depths:1 | Found a gateway to Hell.
 45624 | Depths:1 | Reached skill level 3 in Charms
 45693 | Depths:1 | Found Oworinuf's Gadget Emporium.
 45699 | Depths:1 | Reached skill level 3 in Spellcasting
 45880 | Depths:1 | Reached skill level 4 in Charms
 45996 | Depths:1 | Reached skill level 4 in Spellcasting
 46284 | Depths:2 | Reached skill level 5 in Charms
 46378 | Depths:2 | Reached skill level 5 in Spellcasting
 46536 | Depths:2 | Reached skill level 6 in Charms
 46689 | Depths:2 | Reached skill level 6 in Spellcasting
 47023 | Depths:2 | Reached skill level 7 in Charms
 47082 | Depths:2 | Reached XP level 23. HP: 144/158 MP: 33/33
 47290 | Depths:2 | Reached skill level 7 in Spellcasting
 47475 | Depths:3 | Noticed Mara
 47481 | Depths:2 | Gained mutation: [You heal slowly when monsters are visible.] [a cacodemon]
 47882 | Depths:3 | Reached skill level 8 in Charms
 47918 | Depths:3 | Found a one-way gate leading to the halls of Pandemonium.
 47952 | Depths:3 | Found a shattered altar of Ashenzari.
 48008 | Depths:3 | Reached skill level 8 in Spellcasting
 48337 | Depths:3 | Found an ancient bone altar of Kikubaaqudgha.
 48337 | Depths:3 | Noticed an ancient lich
 48373 | Depths:3 | Killed an ancient lich
 48389 | Depths:3 | Reached skill level 9 in Charms
 48529 | Depths:3 | Reached skill level 9 in Spellcasting
 49102 | Depths:3 | Reached skill level 10 in Charms
 49425 | Depths:2 | Killed Mara
 49425 | Depths:2 | Reached skill level 10 in Spellcasting
 49657 | Depths:4 | Paralysed by a vampire knight for 5 turns
 50520 | Depths:5 | Entered Level 5 of the Depths
 50520 | Depths:5 | Found a gateway to a ziggurat.
 50573 | Depths:5 | Reached skill level 11 in Charms
 50573 | Depths:5 | Reached XP level 24. HP: 164/164 MP: 37/37
 50674 | Depths:5 | Reached skill level 11 in Spellcasting
 50685 | Depths:5 | Found a gate to the Realm of Zot.
 50862 | Depths:5 | Found a magical portal.
 50871 | WizLab   | Entered The Roulette of Golubria
 50873 | WizLab   | Found a corrupted altar of Lugonu.
 50901 | WizLab   | Found a corrupted altar of Lugonu.
 51107 | WizLab   | Identified the Handbook of the Voyage (You found it in a wizard's laboratory)
 51278 | WizLab   | Found a corrupted altar of Lugonu.
 51529 | WizLab   | Got a shimmering cloak
 51530 | WizLab   | Identified the +1 cloak of Listlessness {+Fly rElec rPois rC-} (You found it in a wizard's laboratory)
 51628 | WizLab   | Reached skill level 12 in Charms
 51791 | Depths:5 | Gained mutation: You have sharp toenails. [potion of beneficial mutation]
 52051 | Depths:5 | Reached skill level 13 in Charms
 52360 | Depths:5 | Noticed the Enchantress
 53087 | Depths:4 | Killed the Enchantress
 53089 | Depths:4 | Got a faerie dragon armour
 53092 | Depths:4 | Identified the +3 faerie dragon armour {rElec Dex+4} (You took it off the Enchantress on level 4 of the Depths)
 53623 | Vaults:5 | Entered Level 5 of the Vaults
 53683 | Vaults:4 | Reached skill level 14 in Charms
 54122 | Vaults:5 | Reached skill level 15 in Charms
 54217 | Vaults:5 | HP: 35/164 [fire giant/great sword of flaming (11)]
 54245 | Vaults:5 | Reached XP level 25. HP: 90/169 MP: 38/38
 54379 | Vaults:5 | Noticed an ancient lich
 54395 | Vaults:5 | Killed an ancient lich
 54395 | Vaults:5 | Reached skill level 16 in Charms
 54583 | Vaults:5 | Gained mutation: [You are dopey. (Int -2)] [a neqoxec]
 54657 | Vaults:5 | Got a silver rune of Zot
 54757 | Vaults:4 | Lost mutation: [You are dopey. (Int -2)] [potion of cure mutation]
 54757 | Vaults:4 | Lost mutation: You have sharp toenails. [potion of cure mutation]
 54757 | Vaults:4 | Lost mutation: Your flesh is cold resistant. [potion of cure mutation]
 54757 | Vaults:4 | Lost mutation: [You heal slowly when monsters are visible.] [potion of cure mutation]
 55017 | Vaults:2 | Reached skill level 17 in Charms
 55318 | Elf:1    | Entered Level 1 of the Elven Halls
 55320 | Elf:1    | Noticed WhatIsLove's ghost (mighty DrCj)
 55363 | Elf:1    | Killed WhatIsLove's ghost
 55495 | Elf:1    | Noticed Azrael
 55512 | Elf:1    | Killed Azrael
 55878 | Elf:1    | Reached skill level 1 in Necromancy
 55921 | Elf:1    | Got a flickering bone amulet
 55922 | Elf:1    | Identified the amulet "Kyadeucs" {rCorr SInv} (You found it on level 1 of the Elven Halls)
 56042 | Elf:1    | Noticed Roxanne
 56064 | Elf:1    | Reached skill level 2 in Necromancy
 56104 | Elf:1    | Killed Roxanne
 56270 | Elf:1    | Got a pitted scale mail
 56271 | Elf:1    | Identified the +6 scale mail of Xeek {-Cast Int+5} (You found it on level 1 of the Elven Halls)
 56547 | Elf:2    | Reached skill level 3 in Necromancy
 56723 | Elf:2    | Found a runed gate.
 56723 | Elf:2    | Found a runed gate.
 56723 | Elf:2    | Found a runed gate.
 56920 | Elf:2    | Reached skill level 4 in Necromancy
 57129 | Elf:2    | Reached skill level 5 in Necromancy
 57359 | Elf:3    | Entered Level 3 of the Elven Halls
 57419 | Elf:3    | Found Zaerph's Food Emporium.
 57535 | Elf:3    | Reached skill level 6 in Necromancy
 57545 | Elf:3    | Identified Lehudib's Tome of Battle Magic (You found it on level 3 of the Elven Halls)
 57743 | Elf:3    | Reached skill level 18 in Charms
 57791 | Elf:3    | Reached skill level 7 in Necromancy
 57907 | Elf:3    | Identified the Tome of Clay (You found it on level 3 of the Elven Halls)
 57924 | Elf:3    | Got a translucent gold dragon armour {rC+, rF+, rPois}
 57925 | Elf:3    | Identified the +7 gold dragon armour "Gazej" {rPois rF+ rC+ Stlth+, rC+, rF+, rPois} (You found it on level 3 of the Elven Halls)
 58017 | Elf:3    | Reached XP level 26. HP: 148/175 MP: 38/38
 58186 | Elf:3    | Identified the Incunabulum of the Snowflakes and Shape Shifting (You found it on level 3 of the Elven Halls)
 58193 | Elf:3    | Got a crystal spear
 58393 | Elf:3    | Got a smoking platinum ring
 58394 | Elf:3    | Identified the ring of the Okapi {Ice Slay+3} (You found it on level 3 of the Elven Halls)
 58817 | Elf:3    | Got a heavily runed plate armour
 58818 | Elf:3    | Identified the cursed +1 plate armour "Arruog" {rElec rN+ Str+4 Int-3} (You found it on level 3 of the Elven Halls)
 58828 | Elf:3    | Got a scorched hunting sling
 58831 | Elf:3    | Identified Sif Muna's Disquisition on the Volcanoes (You found it on level 3 of the Elven Halls)
 58845 | Elf:3    | Learned a level 6 spell: Deflect Missiles
 58889 | Elf:3    | Reached skill level 19 in Charms
 59297 | Depths:1 | Voluntarily entered the Abyss.
 59466 | Abyss:1  | Found a sacrificial altar of Ru.
 59691 | Abyss:1  | Found a corrupted altar of Lugonu.
 59797 | Abyss:1  | Paralysed by accursed screaming for 1 turns
 59819 | Abyss:1  | Got a crude buckler
 59830 | Abyss:1  | Identified the cursed -1 buckler of the Flute {rCorr Str+3} (You found it on level 1 of the Abyss)
 60065 | Abyss:1  | Reached skill level 12 in Spellcasting
 60695 | Abyss:1  | Found a corrupted altar of Lugonu.
 61561 | Abyss:2  | Found a corrupted altar of Lugonu.
 61714 | Abyss:2  | Paralysed by accursed screaming for 2 turns
 61722 | Abyss:2  | Paralysed by accursed screaming for 2 turns
 61736 | Abyss:2  | Paralysed by accursed screaming for 1 turns
 61740 | Abyss:2  | HP: 26/122 [starcursed mass/accursed screaming (15)]
 61743 | Abyss:2  | Paralysed by accursed screaming for 1 turns
 61744 | Abyss:2  | HP: 5/122 [starcursed mass/accursed screaming (13)]
 61744 | Abyss:2  | HP: 2/122 [starcursed mass (3)]
 61748 | Abyss:2  | Killed from afar by a starcursed mass

Vault maps used:
D:1:      dpeg_arrival_rhombus, minmay_crystal_water, fountainhead
D:2:      lemuel_zombie_altar_kikubaaqudgha
D:3:      first_bread, uniq_sigmund, uniq_grinder
D:4:      makhleb_heckhound_becter, lemuel_coloured_pillars_altar, serial_bayou,
          serial_bayou_shore_b, serial_bayou_pond_b, serial_bayou_lake_a,
          serial_bayou_shore_b
D:5:      kennysheep_mini, grunt_dithmenos_smoke, uniq_edmund
D:6:      minmay_temple_entry_mist, serial_shops, shop, shop, shop_coins,
          serial_co_window_serial, co_window_paths_b, co_window_paths_a,
          co_window_corner_a, co_window_corner_a, co_window_paths_a,
          co_window_paths_a, co_window_corner_a, co_window_of_opportunity_b,
          co_window_broadway_c, co_window_corner_b, co_window_paths_c,
          co_window_corner_b, co_window_2corner, glass_columns_a,
          glass_columns_a, glass_columns_b, glass_columns_c, glass_columns_a,
          nicolae_ossuary_entry_giza
D:7:      serial_shops, shop, uniq_joseph, uniq_prince_ribbit1
D:8:      basic_altar
D:9:      minitemple, uniq_erica
D:10:     enter_bailey_8, basic_altar
D:11:     evilmike_library_of_no_secrets, minmay_lair_entry_grove, orc_0_dummy,
          uniq_sonja, uniq_josephine, uniq_harold
D:13:     david_vaults_1, portal_ice_cave_entry_imps, serial_shops,
          kennysheep_little_box
D:14:     hangedman_decor_lopped, enter_trove_2
D:15:     hangedman_depths_entry_civil_slaughter, lab_entry_generic,
          serial_bayou_pond_e, uniq_louise
Lair:1:   beast_lair_carwin_4, uniq_gastronok
Lair:2:   beast_lair_carwin_7
Lair:3:   gammafunk_lair_bear_cave, elwin_shoals_entry_stream, basic_altar
Lair:4:   grunt_megastairs_2
Lair:5:   minmay_snake_entry_guardpost_small
Lair:6:   minmay_lair_oklob_tunnel, slime_altar_1, wad_woods_01
Lair:8:   wormcave, guppyfry_lair_end_dragon, grunt_megastairs_1,
          serial_bayou_shore_a
Shoals:2: serial_shops, nicolae_shop_scaring_up_business,
          nicolae_shoals_undead_eyrie, uniq_polyphemus
Shoals:3: hangedman_shoal_octodias
Shoals:4: shoals_end_simple, shoal_ilsuiw, uniq_ilsuiw
Snake:1:  serial_shops, shop, basic_altar, spider_trap, lemuel_fruit_tree
Snake:3:  basic_altar, uniq_vashnia
Snake:4:  snake_pit_salamanders_mu, grunt_megastairs_4, uniq_aizul
Orc:1:    basic_altar
Orc:3:    nicolae_orc_pool_cavern
Orc:4:    st_orc_elflike, uniq_maud
Elf:1:    elf_arrival_002, kennysheep_underground_church, billiards_dpeg,
          uniq_roxanne, uniq_azrael
Elf:2:    nrook_uturn
Elf:3:    nooodl_elf_gasket, serial_shops, shop, spider_trap,
          minmay_elf_annihilation
Vaults:1: hangedman_vaults_locks, grunt_vaults_trifunnel,
          hangedman_vaults_pinch, vaults_room_semicircle,
          nicolae_vaults_triangles, vaults_room_fours,
          nicolae_vaults_mini_display_case, st_check, serial_shops, shop,
          uniq_jorgrun
Vaults:2: v_misc_2, hangedman_vaults_trim, v_alt_pattern_1,
          ontoclasm_vaults_eye, v_misc_14, minmay_crypt_entry_simple_box,
          vaults_mumra_hex, ontoclasm_vaults_idyll, v_misc_33,
          dpeg_vaults_monster_box, vaults_dpeg_diagonal
Vaults:3: ontoclasm_vaults_idyll, vaults_dpeg_spiral, nicolae_vaults_big_ls,
          st_cells, v_misc_19, hangedman_vaults_capsules,
          vaults_mumra_minichess, vaults_room_grid, vaults_room_pool,
          hangedman_vaults_restitches, vaults_room_pool, uniq_jory
Vaults:4: vaults_room_ringed_pool, vaults_standard_mumra_x,
          nicolae_vaults_diagonal_hallway_6, hangedman_vaults_maws,
          ontoclasm_vaults_ligature, v_rooms_2, v_misc_18,
          ontoclasm_vaults_twist, ontoclasm_vaults_loading_screen,
          vaults_mumra_lcd, hangedman_vaults_corner, vaults_dpeg_encased_lava,
          hangedman_vaults_restitches, vaults_dpeg_ring, ontoclasm_vaults_fault
Vaults:5: serial_shops
Depths:1: serial_shops, shop, abyss_entry, hangedman_tar_grid_catacomb,
          hex_medium, kennysheep_boxes
Depths:2: nooodl_glass_maze, corexii_leaking_fountain, abyss_entry,
          lightli_too_deep
Depths:3: evilmike_negative_zone, nicolae_ashenzari_panopticon,
          hangedman_coc_ice_floe, pan_entry, infiniplex_staircase_zigzag_1,
          grunt_megastairs_3, firewood_loft, uniq_mara
Depths:4: nicolae_whirlpool, pan_entry, hell_entry, abyss_entry,
          small_statue_intersection
Depths:5: grunt_zot_entry_tricorne, enter_ziggurat_e, hell_entry,
          infiniplex_enter_wizlab_glasses, uniq_enchantress
Abyss:1:  hangedman_stitches_earthworm
Abyss:2:  evilmike_abyss_exit_12, evilmike_abyss_exit_mutagenic
Lab:      labyrinth_watery, lab_block, nicolae_lab_stuck
Ossuary:  ossuary_minmay_four_chambers
Bailey:   bailey_polearm_1, bailey
IceCv:    ice_cave_statue_garden_02
WizLab:   wizlab_golubria

Action                   |  1- 3 |  4- 6 |  7- 9 | 10-12 | 13-15 | 16-18 | 19-21 | 22-24 | 25-27 || total
-------------------------+-------+-------+-------+-------+-------+-------+-------+-------+-------++-------
Melee: Flail             |   152 |   105 |   571 |   381 |       |       |       |       |       ||  1209
       Falchion          |       |       |       |   506 |       |       |       |       |       ||   506
       Morningstar       |       |       |       |   221 |  1805 |  1730 |  2373 |  2737 |  1821 || 10687
       Scimitar          |       |       |       |       |    27 |       |       |       |       ||    27
       Demon whip        |       |       |       |       |       |       |       |     6 |       ||     6
 Fire: Blowgun           |       |       |    10 |    10 |     4 |       |       |       |       ||    24
Throw: Tomahawk          |       |       |     1 |       |     3 |       |       |       |       ||     4
       Throwing net      |       |       |       |       |       |       |     1 |       |       ||     1
Invok: Lesser Servant of |       |       |       |     3 |       |       |     1 |       |       ||     4
       Greater Servant o |       |       |       |     3 |     4 |     2 |     5 |     8 |     2 ||    24
 Abil: Evoke Berserk Rag |       |       |       |     2 |       |       |       |       |       ||     2
       Fly               |       |       |       |       |     1 |       |       |     4 |     1 ||     6
       Stop Flying       |       |       |       |       |       |       |       |     5 |       ||     5
Evoke: Wand              |       |       |       |     5 |     1 |     4 |       |     6 |     1 ||    17
       Disc of storms    |       |       |       |       |     1 |     6 |     1 |     1 |       ||     9
       Stone of tremors  |       |       |       |       |       |       |       |     3 |       ||     3
       Fan of gales      |       |       |       |       |       |       |       |     1 |       ||     1
  Use: Scroll            |     5 |     2 |     9 |     9 |    20 |     8 |     7 |    12 |    10 ||    82
       Potion            |       |     2 |     1 |     2 |     1 |     3 |     1 |     1 |     1 ||    12
 Stab: Distracted        |       |       |       |     1 |     2 |       |     3 |     1 |     2 ||     9
       Invisible         |       |       |       |       |     2 |       |       |       |       ||     2
       Held in net/web   |       |       |       |       |       |       |     2 |       |       ||     2
  Eat: Chunk             |     3 |     2 |    10 |    30 |    35 |    14 |     9 |    19 |     7 ||   129
       Royal jelly       |       |       |     1 |     1 |     1 |       |     2 |     3 |       ||     8
       Pizza             |       |       |     1 |     1 |       |     3 |     1 |     3 |     1 ||    10
       Fruit             |       |       |       |     3 |       |    12 |    10 |       |     5 ||    30
       Beef jerky        |       |       |       |     1 |     4 |     7 |     2 |     2 |     5 ||    21
       Meat ration       |       |       |       |     1 |       |       |       |       |       ||     1
       Bread ration      |       |       |       |       |     1 |       |     1 |     5 |     1 ||     8

Vault maps used:
D:1:      dpeg_arrival_rhombus, minmay_crystal_water, fountainhead
D:2:      lemuel_zombie_altar_kikubaaqudgha
D:3:      first_bread, uniq_sigmund, uniq_grinder
D:4:      makhleb_heckhound_becter, lemuel_coloured_pillars_altar, serial_bayou,
          serial_bayou_shore_b, serial_bayou_pond_b, serial_bayou_lake_a,
          serial_bayou_shore_b
D:5:      kennysheep_mini, grunt_dithmenos_smoke, uniq_edmund
D:6:      minmay_temple_entry_mist, serial_shops, shop, shop, shop_coins,
          serial_co_window_serial, co_window_paths_b, co_window_paths_a,
          co_window_corner_a, co_window_corner_a, co_window_paths_a,
          co_window_paths_a, co_window_corner_a, co_window_of_opportunity_b,
          co_window_broadway_c, co_window_corner_b, co_window_paths_c,
          co_window_corner_b, co_window_2corner, glass_columns_a,
          glass_columns_a, glass_columns_b, glass_columns_c, glass_columns_a,
          nicolae_ossuary_entry_giza
D:7:      serial_shops, shop, uniq_joseph, uniq_prince_ribbit1
D:8:      basic_altar
D:9:      minitemple, uniq_erica
D:10:     enter_bailey_8, basic_altar
D:11:     evilmike_library_of_no_secrets, minmay_lair_entry_grove, orc_0_dummy,
          uniq_sonja, uniq_josephine, uniq_harold
D:13:     david_vaults_1, portal_ice_cave_entry_imps, serial_shops,
          kennysheep_little_box
D:14:     hangedman_decor_lopped, enter_trove_2
D:15:     hangedman_depths_entry_civil_slaughter, lab_entry_generic,
          serial_bayou_pond_e, uniq_louise
Lair:1:   beast_lair_carwin_4, uniq_gastronok
Lair:2:   beast_lair_carwin_7
Lair:3:   gammafunk_lair_bear_cave, elwin_shoals_entry_stream, basic_altar
Lair:4:   grunt_megastairs_2
Lair:5:   minmay_snake_entry_guardpost_small
Lair:6:   minmay_lair_oklob_tunnel, slime_altar_1, wad_woods_01
Lair:8:   wormcave, guppyfry_lair_end_dragon, grunt_megastairs_1,
          serial_bayou_shore_a
Shoals:2: serial_shops, nicolae_shop_scaring_up_business,
          nicolae_shoals_undead_eyrie, uniq_polyphemus
Shoals:3: hangedman_shoal_octodias
Shoals:4: shoals_end_simple, shoal_ilsuiw, uniq_ilsuiw
Snake:1:  serial_shops, shop, basic_altar, spider_trap, lemuel_fruit_tree
Snake:3:  basic_altar, uniq_vashnia
Snake:4:  snake_pit_salamanders_mu, grunt_megastairs_4, uniq_aizul
Orc:1:    basic_altar
Orc:3:    nicolae_orc_pool_cavern
Orc:4:    st_orc_elflike, uniq_maud
Elf:1:    elf_arrival_002, kennysheep_underground_church, billiards_dpeg,
          uniq_roxanne, uniq_azrael
Elf:2:    nrook_uturn
Elf:3:    nooodl_elf_gasket, serial_shops, shop, spider_trap,
          minmay_elf_annihilation
Vaults:1: hangedman_vaults_locks, grunt_vaults_trifunnel,
          hangedman_vaults_pinch, vaults_room_semicircle,
          nicolae_vaults_triangles, vaults_room_fours,
          nicolae_vaults_mini_display_case, st_check, serial_shops, shop,
          uniq_jorgrun
Vaults:2: v_misc_2, hangedman_vaults_trim, v_alt_pattern_1,
          ontoclasm_vaults_eye, v_misc_14, minmay_crypt_entry_simple_box,
          vaults_mumra_hex, ontoclasm_vaults_idyll, v_misc_33,
          dpeg_vaults_monster_box, vaults_dpeg_diagonal
Vaults:3: ontoclasm_vaults_idyll, vaults_dpeg_spiral, nicolae_vaults_big_ls,
          st_cells, v_misc_19, hangedman_vaults_capsules,
          vaults_mumra_minichess, vaults_room_grid, vaults_room_pool,
          hangedman_vaults_restitches, vaults_room_pool, uniq_jory
Vaults:4: vaults_room_ringed_pool, vaults_standard_mumra_x,
          nicolae_vaults_diagonal_hallway_6, hangedman_vaults_maws,
          ontoclasm_vaults_ligature, v_rooms_2, v_misc_18,
          ontoclasm_vaults_twist, ontoclasm_vaults_loading_screen,
          vaults_mumra_lcd, hangedman_vaults_corner, vaults_dpeg_encased_lava,
          hangedman_vaults_restitches, vaults_dpeg_ring, ontoclasm_vaults_fault
Vaults:5: serial_shops
Depths:1: serial_shops, shop, abyss_entry, hangedman_tar_grid_catacomb,
          hex_medium, kennysheep_boxes
Depths:2: nooodl_glass_maze, corexii_leaking_fountain, abyss_entry,
          lightli_too_deep
Depths:3: evilmike_negative_zone, nicolae_ashenzari_panopticon,
          hangedman_coc_ice_floe, pan_entry, infiniplex_staircase_zigzag_1,
          grunt_megastairs_3, firewood_loft, uniq_mara
Depths:4: nicolae_whirlpool, pan_entry, hell_entry, abyss_entry,
          small_statue_intersection
Depths:5: grunt_zot_entry_tricorne, enter_ziggurat_e, hell_entry,
          infiniplex_enter_wizlab_glasses, uniq_enchantress
Abyss:1:  hangedman_stitches_earthworm
Abyss:2:  evilmike_abyss_exit_12, evilmike_abyss_exit_mutagenic
Lab:      labyrinth_watery, lab_block, nicolae_lab_stuck
Ossuary:  ossuary_minmay_four_chambers
Bailey:   bailey_polearm_1, bailey
IceCv:    ice_cave_statue_garden_02
WizLab:   wizlab_golubria

Table legend:
 A = Turns spent in this place as a percentage of turns spent in the entire game.
 B = Non-inter-level travel turns spent in this place as a percentage of non-inter-level travel turns spent in the entire game.
 C = Inter-level travel turns spent in this place as a percentage of turns spent in this place.
 D = Turns resting spent in this place as a percentage of non-inter-level travel turns spent in this place.
 E = Turns spent auto-exploring this place as a percentage of non-inter-level travel turns spent in this place.
 F = Non-inter-level travel turns spent in this place divided by the number of levels of this place that you've seen.
                   A       B       C       D       E      F
               +-------+-------+-------+-------+-------+----------------------
         Total | 100.0 | 100.0 |   0.5 |   0.7 |   4.4 | 521.3
       Dungeon |  20.5 |  20.4 |   0.6 |   1.1 |   6.6 | 390.7
          Lair |  14.1 |  14.2 |   0.4 |   0.4 |   5.0 | 507.6
        Shoals |   7.2 |   7.2 |   0.7 |   0.2 |   4.4 | 514.2
     Snake Pit |   7.6 |   7.6 |   0.5 |   1.0 |   4.7 | 546.5
  Orcish Mines |   4.9 |   4.8 |   1.6 |   3.1 |   5.8 | 344.8
   Elven Halls |   6.4 |   6.4 |   0.2 |   0.9 |   4.1 | 612.3
        Vaults |  13.7 |  13.7 |   0.3 |   0.2 |   3.2 | 786.4
        Depths |  12.8 |  12.8 |   0.5 |   0.3 |   4.1 | 735.4
         Abyss |   7.5 |   7.6 |   0.0 |   0.3 |   0.3 | 1087.0
     Labyrinth |   1.1 |   1.2 |   0.0 |   0.0 |   0.0 | 331.0
       Ossuary |   0.7 |   0.7 |   0.0 |   0.0 |   2.5 | 201.0
        Bailey |   1.3 |   1.3 |   0.0 |   1.1 |   1.6 | 378.0
      Ice Cave |   0.4 |   0.4 |   0.0 |   0.0 |   0.0 | 119.0
        Wizlab |   1.7 |   1.7 |   0.0 |   0.8 |   5.4 | 482.0
               +-------+-------+-------+-------+-------+----------------------

Table legend:
 A = Kills in this place as a percentage of kills in entire the game.
 B = Kills by you in this place as a percentage of kills by you in the entire game.
 C = Kills by friends in this place as a percentage of kills by friends in the entire game.
 D = Other kills in this place as a percentage of other kills in the entire game.
 E = Experience gained in this place as a percentage of experience gained in the entire game.
 F = Experience gained in this place divided by the number of levels of this place that you have seen.
                   A       B       C       D       E      F
               +-------+-------+-------+-------+-------+----------------------
         Total | 100.0 | 100.0 | 100.0 | 100.0 | 100.0 | 22155.3
       Dungeon |  17.4 |  17.1 |  31.5 |   3.1 |   5.3 | 4275.4
          Lair |  14.9 |  15.4 |   5.4 |   3.1 |   7.6 | 11645.5
        Shoals |   7.6 |   7.8 |   4.3 |   3.1 |   9.5 | 28796.5
     Snake Pit |   7.8 |   8.1 |   0.0 |   6.2 |  11.3 | 34475.0
  Orcish Mines |   7.7 |   7.4 |  17.4 |   0.0 |   1.1 | 3243.8
   Elven Halls |   6.0 |   6.1 |   4.3 |   6.2 |   9.5 | 38523.3
        Vaults |  18.5 |  18.0 |  25.0 |  46.9 |  25.9 | 63093.8
        Depths |  12.2 |  12.3 |  12.0 |   9.4 |  22.7 | 55244.0
         Abyss |   5.4 |   5.4 |   0.0 |  21.9 |   5.8 | 35381.0
     Labyrinth |   0.0 |   0.0 |   0.0 |   0.0 |   0.1 | 936.0
       Ossuary |   0.5 |   0.6 |   0.0 |   0.0 |   0.1 | 744.0
        Bailey |   0.6 |   0.6 |   0.0 |   0.0 |   0.0 | 456.0
      Ice Cave |   0.3 |   0.3 |   0.0 |   0.0 |   0.2 | 2827.0
        Wizlab |   0.9 |   0.9 |   0.0 |   0.0 |   1.0 | 12199.0
               +-------+-------+-------+-------+-------+----------------------
